[Event "*** Titled Tuesday 3|2 Blitz"]
[Site "Chess.com"]
[Date "2016.05.03"]
[Round "4"]
[White "rookoco"]
[Black "chito89"]
[Result "1-0"]
[WhiteElo "2471"]
[BlackElo "2606"]
[TimeControl "180+2"]
[EndTime "17:51:22 PDT"]
[Termination "rookoco won by resignation"]

1. e4 e5 2. Nf3 Nc6 3. Bb5 a6 4. Ba4 Nf6 5. O-O b5 6. Bb3 Bc5 7. Nc3 d6 8. Nd5 h6 9. a4 Rb8 10. axb5 axb5 11. c3 Nxd5 12. Bxd5 Ne7 13. Bb3 O-O 14. d4 exd4 15. cxd4 Bb6 16. h3 Ng6 17. Be3 Qf6 18. Re1 Bb7 19. Qc2 Rfe8 20. e5 dxe5 21. dxe5 Nxe5 22. Nxe5 Rxe5 23. Bxb6 Rg5 24. Qxc7 Rxg2+ 25. Kf1 Qf3 26. Qxb8+ Kh7 27. Bc2+ g6 28. Be4 Bxe4 29. Rxe4 Rg5 30. Qf4 Qd3+ 31. Re2 Qxh3+ 32. Ke1 Rg1+ 33. Kd2 Qd7+ 34.
Qd4 Qxd4+ 35. Bxd4 Rxa1 36. Re7 g5 37. Rxf7+ Kg6 38. Rf6+ Kh7 39. Rb6 h5 40. Rxb5 Kg6 41.
Be3 Rg1 42. b4 h4 43. Rxg5+ Rxg5 44. Bxg5 Kxg5 45. Ke2 Kf4 46. Kf1 Kf3 47. Kg1 h3 48. b5 1-0

[Event "*** Titled Tuesday 3|2 Blitz"]
[Site "Chess.com"]
[Date "2016.05.03"]
[Round "4"]
[White "chessking2151"]
[Black "Viaje"]
[Result "1-0"]
[WhiteElo "2323"]
[BlackElo "2149"]
[TimeControl "180+2"]
[EndTime "17:51:23 PDT"]
[Termination "chessking2151 won by resignation"]

1. e4 c5 2. c3 Nf6 3. e5 Nd5 4. Nf3 e6 5. d4 cxd4 6. Bc4 dxc3 7. Bxd5 cxb2 8. Bxb2 exd5 9. Nc3 Nc6 10. O-O Bc5 11.
Nxd5 O-O 12. Qd2 d6 13. exd6 Bxd6 14. Rad1 Be6 15. Ng5 Bxd5 16. Qxd5 Be5 17. Bxe5 Qxg5 18. f4 Qh5 19. Qe4 Nxe5 20. fxe5 Rad8 21. Rc1 Rd7 22. e6 fxe6 23. Qxe6+ Rdf7 24. Rc8 g5 25. Rxf8+ Kxf8 26. Qc8+ Kg7 27. Qc3+ Kh6 28. Re1 Qg6 29. h3 Qf6 30.
Qg3 Kg7 31. Re5 h6 32. h4 Qf4 33. Qc3 Kh7 34. hxg5 hxg5 35. Re3 Qf2+ 36. Kh2 Qf4+ 37. Kh1 Kg6 38. Qd3+ Qf5 39. Re6+ Rf6 40. Rxf6+ Kxf6 41. Qd6+ Qe6 42. Qf8+ Ke5 43. Qg7+ Kd5 44. Qxb7+ Kd6 45. Qxa7 Qe1+ 46. Qg1 Qh4+ 47. Qh2+ Qxh2+ 48. Kxh2 Kc5 49. Kg3 Kb4 50. Kg4 Ka3 51. Kxg5 Kxa2 52. g4 1-0

[Event "*** Titled Tuesday 3|2 Blitz"]
[Site "Chess.com"]
[Date "2016.05.03"]
[Round "4"]
[White "Dr-Bassem"]
[Black "Zurability"]
[Result "1-0"]
[WhiteElo "2574"]
[BlackElo "2421"]
[TimeControl "180+2"]
[EndTime "17:51:24 PDT"]
[Termination "Dr-Bassem won by resignation"]

1. e4 d6 2. d4 Nf6 3. Nc3 e5 4. Nf3 Nbd7 5. Bc4 Be7 6. O-O O-O 7. a4 c6 8. Re1 a5 9. h3 Nb6 10.
Bd3 Nfd7 11. Be3 exd4 12. Bxd4 Bf6 13. Bf1 Ne5 14. Nxe5 Bxe5 15. Qd2 Nd7 16. Rad1 Qf6 17. g3 g5 18. Be3 h6 19. f4 gxf4 20. gxf4 Bxc3 21.
bxc3 Nc5 22. Qg2+ Qg6 23. Rxd6 Qxg2+ 24. Bxg2 Nxa4 25. Rxh6 Kg7 26. Rh5 f6 27. c4 Be6 28.
Bf1 Nb2 29. c5 a4 30. Bd4 a3 31. Kf2 Rh8 32. Rxh8 Rxh8 33. f5 Bc4 34. Bxb2 Bxf1 35. Bxa3 Rxh3 36. Bb2 Bb5 37. Rg1+ Kf7 38. Rg6 Rh2+ 39.
Ke3 Rxc2 40. Bxf6 Rxc5 41. Bd4 Rc1 42. Rg7+ Ke8 43. Rxb7 Re1+ 44. Kf4 Bd3 45. Be3 Rf1+ 46. Ke5 Re1 47. Kd4 Bc2 48. f6 Rd1+ 49. Kc5 Rf1 50. e5 Bf5 51. f7+ 1-0

[Event "*** Titled Tuesday 3|2 Blitz"]
[Site "Chess.com"]
[Date "2016.05.03"]
[Round "4"]
[White "chess960now"]
[Black "chorejason"]
[Result "1-0"]
[WhiteElo "2017"]
[BlackElo "2021"]
[TimeControl "180+2"]
[EndTime "17:51:28 PDT"]
[Termination "chess960now won by resignation"]

1. d4 Nf6 2. c4 g6 3. Nc3 Bg7 4. e4 O-O 5. f3 d6 6. Be3 c5 7. dxc5 dxc5 8. Qxd8 Rxd8 9. Bxc5 Nc6 10. Nge2 Nd7 11.
Be3 Nde5 12. Ng3 Be6 13. Nd5 Na5 14. Rc1 Kf8 15. Nc7 Bxc4 16. Nxa8 Rxa8 17. b3 Nd3+ 18. Bxd3 Bxd3 19. Kf2 Nc6 20. Rhd1 Bb5 21. Ne2 Ne5 22. Rc7 Bc6 23. Nd4 Bd7 24. Rxb7 Rc8 25. Rd2 f5 26. exf5 gxf5 27. h3 Ke8 28. f4 Ng6 29. Nb5 Bc6 30.
Rc7 Rxc7 31. Nxc7+ Kf7 32. g3 Be4 33. Bxa7 Nf8 34.
b4 h6 35. Bd4 Bxd4+ 36. Rxd4 Nh7 37. b5 Nf6 38. a4 Bb7 39. a5 Ne4+ 40. Ke1 Nc3 41.
a6 Bf3 42. Rd3 Nxb5 43. Nxb5 Ba8 44. Nc7 Bc6 45. a7 e5 46. fxe5 Be4 47. Rd8 Kg6 48.
Nd5 f4 49. gxf4 1-0

[Event "*** Titled Tuesday 3|2 Blitz"]
[Site "Chess.com"]
[Date "2016.05.03"]
[Round "4"]
[White "Hikaru"]
[Black "Gevorg_Harutjunyan"]
[Result "1/2-1/2"]
[WhiteElo "2836"]
[BlackElo "2643"]
[TimeControl "180+2"]
[EndTime "17:51:29 PDT"]
[Termination "Game drawn by repetition"]

1. c4 Nf6 2. Nc3 g6 3. e4 d6 4. d4 Bg7 5. f3 O-O 6. Nge2 c5 7.
d5 e6 8. Ng3 exd5 9. cxd5 a6 10. a4 Nbd7 11. Be2 Ne5 12. O-O Re8 13. Be3 Bd7 14.
Qd2 b5 15. axb5 axb5 16. Rxa8 Qxa8 17. Nxb5 Bxb5 18. Bxb5 Rb8 19. Be2 Qa2 20. b4 Qxd2 21. Bxd2 cxb4 22. Rb1 b3 23. Nf1 h5 24. Ba5 Rb7 25.
Nd2 b2 26. Kf1 Nfd7 27. f4 Ng4 28. Bxg4 hxg4 29. Nc4 Nc5 30. Nxd6 Ra7 31. e5 Rxa5 32. Rxb2 Nd3 33. Rb8+ Kh7 34. g3 Nxe5 35. fxe5 Bxe5 36.
Rb6 Rxd5 37. Nxf7 Bc7 38. Rf6 Kg7 39. Rf2 Bb6 40. Rf4 Be3 41. Re4 Kxf7 42. Rxe3 Rd1+ 43.
Kf2 Rd2+ 44. Re2 Rxe2+ 45. Kxe2 Ke6 46. Kd3 Kd5 47. Ke3 Ke5 48. Kd3 Kd5 49. Ke3 Ke5 50.
Kd3 Kd5 1/2-1/2

[Event "*** Titled Tuesday 3|2 Blitz"]
[Site "Chess.com"]
[Date "2016.05.03"]
[Round "4"]
[White "Dlugy"]
[Black "Tonychess32"]
[Result "1-0"]
[WhiteElo "2597"]
[BlackElo "2396"]
[TimeControl "180+2"]
[EndTime "17:51:29 PDT"]
[Termination "Dlugy won by resignation"]

1. d4 d5 2. Bf4 Nf6 3. e3 e6 4.
Nd2 c6 5. Ngf3 Bd6 6. Bg3 Qe7 7.
Bd3 O-O 8. c3 Nbd7 9. Ne5 c5 10.
f4 Qd8 11. Bh4 Be7 12. Qf3 Nxe5 13. fxe5 Nd7 14. Bxe7 Qxe7 15. O-O f5 16. exf6 Rxf6 17. Qh3 Rh6 18. Qg3 Nf6 19. Nf3 Bd7 20. Ne5 Rc8 21.
Rf3 c4 22. Bc2 Be8 23. Raf1 Bh5 24. Rf4 Re8 25. Qg5 Be2 26. R1f2 Bd3 27. Nxd3 cxd3 28. Bxd3 Rh5 29. Qg3 Rh6 30. Qf3 e5 31. dxe5 Qxe5 32.
Re2 Ne4 33. h3 Rf6 34. Rxf6 Nxf6 35. Qf5 Qxf5 36. Bxf5 g6 37. Bd3 Kf7 38. Kf2 Re5 39. Bc2 Ke6 40. Rd2 Ne4+ 41. Bxe4 Rxe4 42. Rd4 Ke5 43.
Kf3 h5 44. a4 a5 45. h4 b6 46. b3 Rxd4 47. exd4+ Kf5 48. c4 g5 49. hxg5 Kxg5 50.
cxd5 Kf5 51. g3 Kg5 52. Ke4 Kf6 53. Kf4 Ke7 54. Ke5 Kd7 55. d6 Kd8 56. Ke6 Ke8 57.
d7+ Kd8 58. Kd6 h4 59. gxh4 1-0

[Event "*** Titled Tuesday 3|2 Blitz"]
[Site "Chess.com"]
[Date "2016.05.03"]
[Round "4"]
[White "dretch"]
[Black "TheLancer"]
[Result "1-0"]
[WhiteElo "2589"]
[BlackElo "2466"]
[TimeControl "180+2"]
[EndTime "17:51:29 PDT"]
[Termination "dretch won by resignation"]

1. d4 Nf6 2. c4 e6 3. Nc3 Bb4 4. Qc2 Nc6 5. Nf3 d6 6. Bd2 Bxc3 7. Bxc3 O-O 8. e3 Re8 9. Rd1 Qe7 10. d5 Nb8 11.
Bd3 e5 12. Nd2 c6 13. e4 a5 14. O-O Nbd7 15. Rde1 Nh5 16. g3 Nc5 17. Be2 Nf6 18. Kg2 Qd7 19. f4 Qh3+ 20. Kg1 Ng4 21. Bxg4 Bxg4 22. f5 cxd5 23. exd5 h5 24. Re3 f6 25. b3 Kf7 26. a3 Rh8 27. b4 h4 28.
Rf2 axb4 29. axb4 Nd7 30. Ne4 Ke7 31. Nd2 Rac8 32. Qd3 Rh5 33. gxh4 Qxh4 34. Rg3 Rch8 35. Qe4 Rg5 36. c5 Bxf5 37. cxd6+ Ke8 38. Qg2 Rxg3 39. hxg3 Qg5 40. Qf3 Bg4 41. Qe4 f5 42. Qc4 Kf7 43. Qc7 Rd8 44. Ne4 Qe3 45. Qxd8 Qxe4 46. Qxd7+ Kg6 47. Qe8+ Kh7 48. Rh2+ 1-0

[Event "*** Titled Tuesday 3|2 Blitz"]
[Site "Chess.com"]
[Date "2016.05.03"]
[Round "4"]
[White "Kacparov"]
[Black "Aguiar94"]
[Result "1-0"]
[WhiteElo "2574"]
[BlackElo "2386"]
[TimeControl "180+2"]
[EndTime "17:51:38 PDT"]
[Termination "Kacparov won by resignation"]

1. e4 c5 2. Nf3 e6 3. d4 cxd4 4. Nxd4 Nc6 5. Nc3 Qc7 6. Be2 a6 7. O-O Nf6 8. Be3 Bb4 9. Na4 O-O 10. c4 Be7 11. c5 Nxe4 12. Rc1 f5 13. Bf3 Nf6 14. Nb6 Rb8 15. Re1 f4 16. Nxc6 bxc6 17. Bd4 Rb7 18. Be5 Qd8 19. Bxf4 Nd5 20. Nxd5 cxd5 21. Be5 Rb5 22. Bd4 Qc7 23. Be2 Rb8 24. Bd3 Bf6 25. Qh5 h6 26. Bxf6 Rxf6 27. Qe8+ Rf8 28.
Bh7+ Kxh7 29. Qxf8 Rxb2 30. h4 Rxa2 31. Re3 Bb7 32. Qf7 Qd8 33. Rg3 Qf6 34. Qxf6 gxf6 35. Rb1 Bc6 36. Rb8 h5 37. Rf8 Ra4 38. Rf7+ Kh8 39.
Rxf6 Kh7 40. f4 d4 41. f5 e5 42. Rd6 Ra1+ 43. Kh2 Rf1 44. f6 a5 45. Rg5 a4 46.
Rxh5+ Kg6 47. Rg5+ Kf7 48. Rg7+ Kf8 49. h5 Rxf6 50.
Rgxd7 Bxd7 51. Rxf6+ Ke7 52. Rf1 Be8 53. g4 d3 54. Kg3 a3 55. Kf3 Bc6+ 56. Ke3 Be8 57. Ra1 1-0

[Event "*** Titled Tuesday 3|2 Blitz"]
[Site "Chess.com"]
[Date "2016.05.03"]
[Round "4"]
[White "DanielNaroditsky"]
[Black "NaziPaiki"]
[Result "1/2-1/2"]
[WhiteElo "2650"]
[BlackElo "2681"]
[TimeControl "180+2"]
[EndTime "17:51:44 PDT"]
[Termination "Game drawn by agreement"]

1. d4 Nf6 2. c4 e6 3. Nc3 Bb4 4. f3 c5 5. d5 O-O 6. e4 d6 7. Ne2 exd5 8. cxd5 Nbd7 9. Ng3 Re8 10. Be2 a6 11.
O-O b5 12. a4 bxa4 13. Rxa4 Ne5 14.
Kh1 Bd7 15. Ra2 c4 16. Be3 a5 17. Bd4 Rc8 18. f4 Nd3 19. Bxd3 cxd3 20. Qxd3 Bc5 21. e5 Bxd4 22. Qxd4 dxe5 23. fxe5 Ng4 24. e6 Bxe6 25.
Qf4 Qh4 26. Nge4 Bf5 27. h3 Bxe4 28. Nxe4 f5 29. Ng3 g6 30. Kg1 g5 31. Qxf5 Qxg3 32. Qxg5+ Kh8 33. hxg4 Re2 34. Qf6+ Kg8 35. Qf7+ Kh8 36.
Qf6+ Kg8 37. Qf3 Qxf3 38. Rxf3 Rc5 39. d6 Rd5 40. d7 Rxd7 41. Rxa5 Rxb2 42. Rg5+ Rg7 43.
Rgf5 Rd7 44. Kh2 Kg7 45. Rg5+ Kh6 46. Rg8 Rg7 47. Rh3+ Kg6 48. Rd8 Rb6 49. Rh5 Kf6 50. Kh3 Rb3+ 51. Kh4 Rb4 52. Rf5+ Ke7 53. Rd2 Rbxg4+ 54. Kh3 1/2-1/2

[Event "*** Titled Tuesday 3|2 Blitz"]
[Site "Chess.com"]
[Date "2016.05.03"]
[Round "4"]
[White "GM_Huschenbeth"]
[Black "pKiLz5Rn9b"]
[Result "1-0"]
[WhiteElo "2487"]
[BlackElo "2409"]
[TimeControl "180+2"]
[EndTime "17:51:44 PDT"]
[Termination "GM_Huschenbeth won by resignation"]

1. e4 e6 2. d4 d5 3. Nd2 Nf6 4. e5 Nfd7 5. c3 c5 6. Bd3 Nc6 7.
Ne2 cxd4 8. cxd4 f6 9. exf6 Nxf6 10. O-O Bd6 11. Nf3 Qc7 12. h3 O-O 13. Be3 Bd7 14.
Re1 Rae8 15. Rc1 Re7 16. Ne5 Qb8 17. Nxd7 Nxd7 18. Bb1 Ref7 19. Qd3 Nf6 20. Nc3 Kh8 21. a3 a6 22. b4 Ne7 23. Qd2 Nf5 24. Bg5 h6 25.
Bxf5 exf5 26. Bxf6 Rxf6 27. Nxd5 Rg6 28. Rc3 Qd8 29. Nf4 Bxf4 30. Qxf4 Qd5 31. Rg3 Rxg3 32. fxg3 Rd8 33. Rd1 Qb3 34. Qf3 Qd5 35. Qxd5 Rxd5 36. Kf2 Kh7 37. Ke3 Rd7 38. d5 Kg6 39. Kd4 Kf6 40.
Kc5 Rc7+ 41. Kb6 Rd7 42. d6 g5 43. Kc5 f4 44. gxf4 gxf4 45. Re1 h5 46. Kd5 Rg7 47.
Re6+ Kf5 48. Re5+ Kf6 49. Re6+ Kf5 50. Re2 Rg3 51. Rd2 Rg7 52. a4 h4 53. b5 Rf7 54. bxa6 bxa6 55. Kc6 Ke4 56. d7 Rf8 57. d8=Q Rxd8 58. Rxd8 f3 59. gxf3+ Kxf3 60. Kb6 Kg2 61. Rd3 1-0

[Event "*** Titled Tuesday 3|2 Blitz"]
[Site "Chess.com"]
[Date "2016.05.03"]
[Round "4"]
[White "Penguininja"]
[Black "gmjoey1"]
[Result "0-1"]
[WhiteElo "2213"]
[BlackElo "2523"]
[TimeControl "180+2"]
[EndTime "17:51:52 PDT"]
[Termination "gmjoey1 won by resignation"]

1. d4 Nf6 2. c4 e6 3. Nf3 Bb4+ 4. Bd2 Qe7 5. g3 Nc6 6. Bg2 Bxd2+ 7. Nbxd2 d6 8. O-O a5 9. b3 e5 10. d5 Nb8 11. e4 Nbd7 12. Ne1 h5 13. a3 h4 14. b4 hxg3 15. hxg3 c5 16. dxc6 bxc6 17. Nb3 a4 18. Na5 Nb8 19. Nc2 Ng4 20. f3 Qa7+ 21.
c5 dxc5 22. fxg4 cxb4+ 23. Rf2 Qxa5 24. Nxb4 Be6 25. Qd6 Qb6 26. Rc1 Qe3 27. Rxc6 Nd7 28. Nd5 Bxd5 29. exd5 Qe1+ 30. Rf1 Qe3+ 31. Rf2 Qe1+ 32.
Rf1 Qe3+ 33. Rf2 Qe1+ 34. Bf1 Qe3 35. Bg2 Rd8 36. Rc2 Qxg3 37. Rce2 Rh6 38. Qb4 Rb8 39. Qe4 Rf6 40. Rf1 Rxf1+ 41. Kxf1 Rb3 42. Qf5 Rxa3 43. Qb1 Qd3 44. Qc1 Rb3 45. Qc8+ Ke7 46. Qc7 Rb1+ 47. Kf2 Qd4+ 48. Kg3 Qf4+ 49. Kh3 Qh6+ 50. Kg3 Qf4+ 51. Kh3 Qh6+ 52. Kg3 Rc1 0-1

[Event "*** Titled Tuesday 3|2 Blitz"]
[Site "Chess.com"]
[Date "2016.05.03"]
[Round "4"]
[White "sandropozo"]
[Black "tactics321"]
[Result "1-0"]
[WhiteElo "2279"]
[BlackElo "2144"]
[TimeControl "180+2"]
[EndTime "17:51:54 PDT"]
[Termination "sandropozo won by resignation"]

1. d4 Nf6 2. Nf3 g6 3. g3 Bg7 4. Bg2 O-O 5. O-O d5 6. c4 dxc4 7. Na3 c3 8. bxc3 c5 9. Ne5 Nc6 10.
Bb2 Nd5 11. Nac4 Be6 12. e4 Nxc3 13. Bxc3 cxd4 14. Nxc6 bxc6 15. Ba5 Qc8 16. Nd2 Qa6 17.
Bb4 d3 18. Rc1 Qb5 19. Bc3 Bxa2 20. Bxg7 Kxg7 21. Rc3 Be6 22. Qa1 f6 23. Rfc1 Rac8 24. Rc5 Qb4 25. Qc3 Qxc3 26. R1xc3 Rfd8 27. Bf1 Rd6 28. Rxd3 Rxd3 29. Bxd3 Rd8 30. Rc3 a5 31. Bc4 Bh3 32.
Rd3 Rb8 33. f3 h5 34. Kf2 a4 35. Ra3 Rb4 36. Ke3 e5 37. Kd3 c5 38. Kc3 Bd7 39.
Bd3 Bc6 40. Bc2 Bb5 41. Bd3 Bc6 42. Nc4 Kf8 43. Nb2 Ke7 44. Bc2 Rd4 45. Bxa4 Bb7 46. Bb3 Kd6 47. Nd3 Bc6 48. Bc4 f5 49. exf5 gxf5 50.
f4 e4 51. Ne5 Bb7 52. Rb3 Kc7 53. Rb5 e3 54. Rxc5+ Kd6 55. Kxd4 1-0

[Event "*** Titled Tuesday 3|2 Blitz"]
[Site "Chess.com"]
[Date "2016.05.03"]
[Round "4"]
[White "Lying-Ted"]
[Black "bugsbunny444"]
[Result "1/2-1/2"]
[WhiteElo "2252"]
[BlackElo "2378"]
[TimeControl "180+2"]
[EndTime "17:51:55 PDT"]
[Termination "Game drawn - insufficient material"]

1. d4 e6 2. e4 d5 3. e5 c5 4. Nf3 Nc6 5. Bd3 cxd4 6. O-O f6 7. Bb5 Bd7 8. Nxd4 Nxd4 9. Bxd7+ Qxd7 10. Qxd4 Rc8 11.
Bf4 Rc4 12. Qd2 fxe5 13. Bxe5 Nf6 14. c3 Bc5 15. Bxf6 gxf6 16. Qh6 Qf7 17. Nd2 Rg4 18. Nb3 Bb6 19. g3 Qg6 20. Qxg6+ hxg6 21. Rad1 Kf7 22. Kg2 g5 23. Rfe1 Rc4 24. h3 Rcc8 25. Nd4 Rce8 26. Nf3 Rh7 27. h4 gxh4 28. Nxh4 Rhh8 29. Nf3 Re7 30. Nd4 Rc8 31. f4 Bxd4 32. Rxd4 Rd8 33. Red1 Red7 34. c4 Ke7 35. cxd5 exd5 36.
Kf3 f5 37. g4 fxg4+ 38. Kxg4 Kf6 39. Kf3 Kf5 40. Rh1 Rd6 41. Rh5+ Kf6 42. Rh6+ Kf5 43. Rh5+ Kf6 44. Kg4 Rg8+ 45. Kf3 Rgd8 46. Rh7 R8d7 47. Rh6+ Kf5 48. Rh5+ Kf6 49. b4 Ra6 50. Rhxd5 Rxd5 51.
Rxd5 Rxa2 52. Ke4 Ra4 53. Rd6+ Ke7 54. Rd4 a6 55. Ke5 a5 56. bxa5 Rxa5+ 57. Rd5 Rxd5+ 58. Kxd5 Kf6 59. Kc5 Kf5 60. Kb6 Kxf4 61. Kxb7 1/2-1/2

[Event "*** Titled Tuesday 3|2 Blitz"]
[Site "Chess.com"]
[Date "2016.05.03"]
[Round "4"]
[White "TheCount"]
[Black "yarosavich"]
[Result "1/2-1/2"]
[WhiteElo "2537"]
[BlackElo "2538"]
[TimeControl "180+2"]
[EndTime "17:52:05 PDT"]
[Termination "Game drawn - insufficient material"]

1. d4 d5 2. c4 e6 3. Nc3 Nf6 4. Nf3 c6 5. e3 Nbd7 6. Qc2 Bd6 7. Bd3 O-O 8. O-O dxc4 9. Bxc4 b5 10. Be2 Bb7 11. e4 e5 12. dxe5 Nxe5 13. Nd4 Neg4 14. g3 Bxg3 15. hxg3 Qxd4 16. Bf4 Qc5 17. Rad1 Rad8 18.
Kg2 b4 19. Qb3 bxc3 20. Qxb7 Rxd1 21. Bxd1 c2 22. Bf3 Ne5 23. b4 Qc3 24. Bxe5 Qxe5 25.
Qxc6 Qb2 26. e5 Nd7 27. Qxd7 c1=Q 28. Rxc1 Qxc1 29. Qxa7 Qb2 30. Qc5 Qxa2 31. b5 Qa5 32.
Bc6 Rb8 33. Qd5 Qc7 34. e6 fxe6 35. Qxe6+ Kh8 36. Qd5 Rd8 37. Qe4 Rb8 38. Qd5 Qe7 39. Qf5 Qc7 40. Qe6 Qb6 41. Qf5 Qc7 42. Be4 g6 43. Qf6+ Qg7 44. Qe6 Qc7 45. Bc6 Kg7 46. Qd5 Rd8 47. Qe4 Rb8 48. Qd4+ Kh6 49. Qf6 Qd8 50. Qxd8 Rxd8 51. b6 Rd4 52. b7 Rb4 53.
f4 Kg7 54. Kf3 Kf6 55. Kg4 h6 56. Kh4 Ke6 57. Be4 g5+ 58. Kh5 gxf4 59. gxf4 Rxb7 60. Bxb7 Kf5 61. Kxh6 Kxf4 1/2-1/2

[Event "*** Titled Tuesday 3|2 Blitz"]
[Site "Chess.com"]
[Date "2016.05.03"]
[Round "4"]
[White "jeaston1"]
[Black "destroyer305"]
[Result "1-0"]
[WhiteElo "2012"]
[BlackElo "2230"]
[TimeControl "180+2"]
[EndTime "17:52:08 PDT"]
[Termination "jeaston1 won on time"]

1. d4 Nf6 2. c4 g6 3. Nc3 d5 4. cxd5 Nxd5 5. e4 Nxc3 6. bxc3 Bg7 7. Nf3 c5 8. Be3 Nc6 9. Rc1 O-O 10. d5 Na5 11.
Bxc5 b6 12. Bd4 Bg4 13. Bxg7 Kxg7 14. Be2 Rc8 15. O-O Bxf3 16. Bxf3 Qd6 17. Qd4+ Kg8 18. e5 Qa3 19. e6 Rc4 20. Qe3 f5 21. Rfd1 Qd6 22.
Re1 Rfc8 23. g3 Qc7 24. Bg2 Nb7 25. Qg5 Rxc3 26. Rxc3 Qxc3 27. Rd1 Qc7 28. Qe3 Nd6 29. Qa3 a5 30. Qb2 b5 31. Bf1 b4 32. Qe5 Qc3 33.
Qf4 Qc2 34. Rd2 Qe4 35. Qg5 Rc7 36. Rd1 a4 37. Qd2 b3 38. axb3 axb3 39. Qb2 Qb4 40. Rb1 Rb7 41. Be2 Nc4 42. Qd4 Na3 43. Qxb4 Rxb4 44.
Rb2 Nb5 45. Bd1 Nd4 46. Kf1 Rc4 47. Bxb3 Rb4 48. d6 Kf8 49. d7 Rb8 50. Bd5 Rd8 51. Rb4 Nxe6 52. Bxe6 Kg7 53. Rc4 Kf6 54. Rc8 1-0

[Event "*** Titled Tuesday 3|2 Blitz"]
[Site "Chess.com"]
[Date "2016.05.03"]
[Round "4"]
[White "MbMaster"]
[Black "Silent_Terror"]
[Result "1/2-1/2"]
[WhiteElo "2225"]
[BlackElo "2569"]
[TimeControl "180+2"]
[EndTime "17:52:29 PDT"]
[Termination "Game drawn by repetition"]

1. e4 e6 2. d4 d5 3. Nc3 Bb4 4. exd5 exd5 5. Bd3 Nf6 6. Bg5 O-O 7. Qf3 Be7 8. Nge2 Bg4 9. Qg3 Bh5 10. O-O-O a6 11. Kb1 b5 12. Rde1 b4 13. Nd1 Nc6 14. f3 a5 15. Ne3 Bg6 16. Nf5 Nh5 17. Nxe7+ Nxe7 18. Qh4 f6 19. Bxg6 hxg6 20. Bc1 Nf5 21. Qf2 a4 22. g4 b3 23. gxf5 gxf5 24. Nc3 bxa2+ 25. Kxa2 a3 26. b3 c6 27. Na4 Rxa4 28.
bxa4 Qa5 29. Qe3 Qxa4 30. Qb3 Qa7 31. Bxa3 Rb8 32. Qc3 Qa6 33. Rb1 Ra8 34. Rb3 Nf4 35. Rhb1 Kh7 36. Qc5 Ne6 37. Qc3 Qa7 38. Rb7 Qa4 39.
R1b4 Qa6 40. Qd3 Qxd3 41. cxd3 Nf4 42. Rc7 Nxd3 43. Rbb7 Rg8 44. Bd6 Ne1 45. Rxc6 Nxf3 46. h3 Nxd4 47. Rcc7 Ne6 48. Re7 Ng5 49. h4 Ne4 50.
Bf4 Kg6 51. h5+ Kxh5 52. Rxg7 Re8 53. Rge7 Rc8 54. Rg7 d4 55. Rb2 Ng5 56. Bxg5 fxg5 57. Rh2+ Kg4 58. Rg2+ Kf4 59. R7xg5 d3 60. Rh5 Ke4 61.
Rf2 f4 62. Rh4 Ke3 63. Rhxf4 d2 64. R4f3+ Ke4 65. Rf4+ Ke3 66. R4f3+ Ke4 67. Rf4+ Ke3 68. R4f3+ Ke4 1/2-1/2

[Event "*** Titled Tuesday 3|2 Blitz"]
[Site "Chess.com"]
[Date "2016.05.03"]
[Round "4"]
[White "oskariot"]
[Black "Elshan1985"]
[Result "0-1"]
[WhiteElo "2416"]
[BlackElo "2565"]
[TimeControl "180+2"]
[EndTime "17:52:46 PDT"]
[Termination "Elshan1985 won on time"]

1. e4 e5 2. Nf3 Nc6 3. Bb5 a6 4. Ba4 Nge7 5. O-O g6 6. c3 Bg7 7. d4 exd4 8. cxd4 b5 9. Bb3 O-O 10. d5 Na5 11. Bd2 Nxb3 12. Qxb3 d6 13. Bc3 f6 14. Nbd2 Bd7 15. Rac1 Be8 16. Ba5 Rc8 17. Nd4 Bf7 18. N2f3 f5 19. Ne6 Bxe6 20. dxe6 fxe4 21. Ng5 d5 22. Nf7 Qe8 23. Bxc7 Rxf7 24.
exf7+ Qxf7 25. Bd6 Rd8 26. Bxe7 Qxe7 27. Rfd1 Qf7 28.
Rc5 d4 29. Qxf7+ Kxf7 30. Rc7+ Kg8 31. Re7 d3 32. b3 Rd4 33. f3 exf3 34. gxf3 d2 35.
Kf2 Bh6 36. Ke2 Rd6 37. Rf1 Bg5 38. Rc7 Bf4 39. Re7 Bg5 40. Re4 Bf6 41. Re3 b4 42.
Rd3 Rxd3 43. Kxd3 Bc3 44. Ke2 Kf7 45. f4 Kf6 46. Rf3 Kf5 47. h3 Ke4 48. h4 a5 49.
h5 gxh5 50. Rf1 Kf5 51. Kf3 h4 52. Rh1 h5 53. Rf1 h3 54. Rh1 h4 55. Ke3 Kg4 56.
Rg1+ Kf5 57. Rh1 h2 58. Ke2 Kxf4 59. Rxh2 Kg3 60. Rh1 h3 61. Rg1+ Kf4 62. Rh1 Kg4 63. Rg1+ Kh4 64. Rg6 Kh5 65. Rg3 Kh4 66. Rg6 Be5 67.
Rh6+ Kg3 68. Rg6+ Kh4 69. Rh6+ Kg4 70. Kxd2 Bf4+ 0-1

[Event "*** Titled Tuesday 3|2 Blitz"]
[Site "Chess.com"]
[Date "2016.05.03"]
[Round "4"]
[White "1random"]
[Black "renanreis"]
[Result "0-1"]
[WhiteElo "2029"]
[BlackElo "2020"]
[TimeControl "180+2"]
[EndTime "17:53:08 PDT"]
[Termination "renanreis won by checkmate"]

1. e4 e6 2. d3 d5 3. Nd2 Nf6 4. Ngf3 Nc6 5. g3 Bc5 6. Bg2 dxe4 7. dxe4 e5 8. O-O O-O 9. c3 a5 10. Qe2 Be6 11. Rd1 Qe7 12. h3 Rfd8 13. Ng5 Bc8 14. Nc4 h6 15. Rxd8+ Qxd8 16. Nf3 Qe7 17. Nh4 Be6 18. Ne3 Rd8 19. Nef5 Qd7 20. Be3 Bxe3 21.
Qxe3 Qd2 22. b3 Rd3 23. Qxd2 Rxd2 24. Ne3 Nd7 25. Kf1 Rd3 26. Rc1 a4 27. Ke2 Rd6 28. Nhf5 Bxf5 29. Nxf5 Re6 30. f3 Nc5 31. b4 Nd7 32.
Ke3 Nb6 33. Bf1 Kh7 34. Rd1 g6 35. Nh4 Kg7 36. Ng2 Kf8 37. Ne1 Ke7 38. Nd3 Rd6 39.
Be2 f6 40. Nc5 Rxd1 41. Bxd1 Nc4+ 42. Kd3 Nb2+ 43. Kc2 Nxd1 44. Kxd1 b5 45. a3 Kd6 46.
Kd2 Nd8 47. Kd3 Ne6 48. Nb7+ Kc6 49. Na5+ Kb6 50. Ke3 c5 51. f4 cxb4 52. cxb4 Nd4 53. Kd3 Nf3 54. Ke3 Nd4 55. Kd3 Ne6 56. f5 gxf5 57.
exf5 Ng5 58. h4 Nf7 59. Ke4 Nd6+ 60. Kd5 Nxf5 61. Ke6 Nxg3 62. Kxf6 e4 63. Kg6 e3 64. Kxh6 e2 65. h5 e1=Q 66. Kg7 Qe7+ 67. Kg6 Qe6+ 68. Kg7 Nf5+ 69. Kh7 Qf7+ 70. Kh8 Qg7# 0-1

[Event "*** Titled Tuesday 3|2 Blitz"]
[Site "Chess.com"]
[Date "2016.05.03"]
[Round "4"]
[White "JusticeBot"]
[Black "Tirantes"]
[Result "1/2-1/2"]
[WhiteElo "2500"]
[BlackElo "2222"]
[TimeControl "180+2"]
[EndTime "17:53:52 PDT"]
[Termination "Game drawn by repetition"]

1. e4 c6 2. d4 d5 3. Nc3 dxe4 4. Nxe4 Nd7 5. Bd3 Ngf6 6. Ng5 e6 7. N1f3 Bd6 8. Qe2 h6 9. Ne4 Nxe4 10. Qxe4 Qc7 11. Bd2 b6 12. O-O-O Bb7 13. Rhe1 Nf6 14. Qe2 O-O-O 15.
Ne5 c5 16. dxc5 Bxc5 17. Bc4 Nd5 18. Kb1 Bd6 19. f4 Kb8 20. Bb3 Rhe8 21. g4 f6 22. Ng6 Nxf4 23. Bxf4 Bxf4 24. Rxd8+ Rxd8 25. Nxf4 Qxf4 26. Qxe6 Qxh2 27. a3 Qd6 28. Qf7 Rd7 29. Qg8+ Kc7 30. Re3 b5 31. Rd3 Qe7 32. Rc3+ Kb6 33.
Qb8 Qd6 34. Qe8 Re7 35. Qg8 a5 36. Rd3 Qc7 37. Bd5 Bxd5 38. Qxd5 Re1+ 39. Ka2 Qc4+ 40. Qxc4 bxc4 41. Rd7 Re2 42. Rxg7 Rxc2 43. Kb1 Rg2 44.
Rg6 Kb5 45. Rxh6 Rxg4 46. Rxf6 Rg2 47. Rf8 Kc5 48. Rc8+ Kb5 49. Ka2 Rc2 50. Ka1 Ka4 51.
Kb1 Rh2 52. Rxc4+ Kb5 53. Re4 Rg2 54. Re5+ Kb6 55. Ka2 a4 56. Kb1 Rh2 57. Kc1 Rg2 58. Rd5 Rh2 59. Rd2 Rh3 60. Kc2 Kb5 61. Rd3 Rh2+ 62. Kc3 Rh4 63. Rd5+ Kb6 64. Rd4 Rh3+ 65. Kc4 Rb3 66. Rd2 Ka6 67. Rh2 Kb6 68. Rh8 Kb7 69. Rh7+ Kb6 70. Rh6+ Ka5 71. Rh8 Ka6 72. Ra8+ Kb7 73. Rxa4 Rxb2 74. Rb4+ Rxb4+ 75. axb4 Kb6 76. b5 Kb7 77. Kc5 Kc7 78. b6+ Kb7 79. Kb5 Kb8 80. Kc6 Kc8 81. Kc5 Kb7 82. Kb5 Kb8 83. Ka5 Kb7 84.
Kb5 Kb8 85. Ka6 Ka8 86. Ka5 Kb7 87. Kb5 Kb8 88. Kc5 Kb7 89. Kb5 1/2-1/2

[Event "*** Titled Tuesday 3|2 Blitz"]
[Site "Chess.com"]
[Date "2016.05.03"]
[Round "4"]
[White "PowerThinking2650"]
[Black "Noukii"]
[Result "0-1"]
[WhiteElo "2183"]
[BlackElo "2699"]
[TimeControl "180+2"]
[EndTime "17:54:06 PDT"]
[Termination "Noukii won by checkmate"]

1. e4 Nf6 2. Nc3 e5 3. Nf3 Nc6 4. d4 exd4 5. Nxd4 Bc5 6. Nxc6 bxc6 7. Bd3 d6 8. O-O Ng4 9. h3 Ne5 10. Be2 Qh4 11. Na4 Bb6 12. Nxb6 axb6 13. f4 Nd7 14. b3 O-O 15. Bb2 Re8 16. Qd4 Qf6 17. Qxf6 Nxf6 18. Bxf6 gxf6 19. Bd3 Bb7 20. a4 Re7 21.
Rae1 Rae8 22. Kf2 c5 23. Bb5 Rd8 24. Bd3 Rde8 25. Bb5 Ra8 26. Bd3 c4 27. Bxc4 Rxe4 28. Rxe4 Bxe4 29. Re1 f5 30. c3 Ra5 31. Ke3 Kf8 32. g4 d5 33. Bd3 Rc5 34. Kd4 Bxd3 35. Kxd3 fxg4 36. hxg4 Rc6 37. Kd4 Rf6 38. f5 h5 39. Ke5 Rc6 40. gxh5 Rxc3 41. h6 Rh3 42. Kxd5 Rxh6 43. Rc1 Rd6+ 44. Ke5 f6+ 45. Ke4 c5 46. a5 Rd4+ 47. Ke3 Rb4 48. axb6 Rxb3+ 49. Ke4 Rb4+ 50. Kd5 Rxb6 51. Rxc5 Ke7 52. Rc7+ Ke8 53. Rh7 Ra6 54. Rh8+ Kf7 55. Rh7+ Kg8 56. Rc7 Kf8 57. Rc6 Ra5+ 58. Ke6 Ra8 59. Kxf6 Rb8 60. Kg6 Ke7 61. Rc7+ Kd6 62.
Rf7 Rg8+ 63. Rg7 Rb8 64. Kf6 Rb6 65. Rf7 Kd5+ 66. Kg7 Ke5 67. f6 Kf5 68. Rf8 Rb1 69. Ra8 Rg1+ 70. Kf7 Ke5 71. Ra5+ Kd6 72. Kf8 Ke6 73.
f7 Kf6 74. Ra6+ Kf5 75. Ra7 Kf6 76. Re7 Rc1 77. Ra7 Rc8# 0-1